 Dungeon Crawl Stone Soup version 0.31-a0-354-g827e095 (webtiles) character file.

Game seed: 939206168188354932

58 Dawnplanks the Chopper (level 4, 0/40 HPs)
             Began as a Hill Orc Fighter on July 23, 2023.
             Slain by Sigmund
             ... wielding a +0 scythe
              (1 damage)
             ... on level 2 of the Dungeon.
             The game lasted 00:02:36 (1300 turns).

Dawnplanks the Chopper (Hill Orc Fighter)           Turns: 1300, Time: 00:02:36

Health: 0/40       AC:  6    Str: 20    XL:     4   Next: 2%
Magic:  4/4        EV:  9    Int:  8    God:
Gold:   56         SH:  4    Dex: 10    Spells: 3/3 levels left

rFire   . . .        a - +0 war axe
rCold   . . .        c - +0 buckler
rNeg    . . .        b - +0 scale mail
rPois   .            (no helmet)
rElec   .            (no cloak)
rCorr   .            (no gloves)
SInv    .            (no boots)
Will    .....        (no amulet) Stlth
                     e - ring of flight
HPRegen 0.26/turn    (no ring)
MPRegen 0.09/turn

%: no passive effects
@: mighty, flying
A: no striking features
a: no special abilities


You were on level 2 of the Dungeon.
You visited 1 branch of the dungeon, and saw 2 of its levels.

You collected 56 gold pieces.

Inventory:

Hand Weapons
 a - a +0 war axe (weapon)
 n - a +2 heavy spear
Armour
 b - a +0 scale mail (worn)
 c - a +0 buckler (worn)
Jewellery
 e - a ring of flight (left hand)
Scrolls
 k - a scroll of blinking {unknown}
Potions
 f - 2 potions of curing
 g - a potion of brilliance {unknown}
 h - a potion of ambrosia {unknown}
 i - a potion of magic {unknown}
 j - 3 potions of enlightenment {unknown}
 l - a potion of resistance {unknown}
 m - 2 potions of haste {unknown}


   Skills:
 + Level 4.1 Fighting
 * Level 4.2 Axes
 + Level 3.6 Armour
 + Level 3.7 Shields


You had 3 spell levels left.
You didn't know any spells.
Your spell library was empty.

Dungeon Overview and Level Annotations

Branches:
Dungeon (2/15)

Altars:

Annotations:
D:2 Sigmund


Message History

You fly downwards.
Level annotation: Sigmund
There is a stone staircase leading up here.
Sigmund hits you from afar with a +0 scythe!
Sigmund barely misses you.
You closely miss Sigmund. You barely miss Sigmund.
Sigmund points at you and mumbles some strange words.
The magic dart hits you. Sigmund hits you with a +0 scythe.
You closely miss Sigmund. Sigmund hits you with a +0 scythe.
You feel very mighty all of a sudden.
You closely miss Sigmund.
Sigmund mumbles some strange words.
Sigmund flickers and vanishes!
Deactivating autopickup; reactivate with Ctrl-A.
Something hits you but does no damage.
You miss something. You barely miss something.
You hear some strange, mumbled words.
Something tries to affect you, but you resist.
You hear some strange, mumbled words.
You are confused.
You hear some strange, mumbled words.
You are more confused.
Something hits you!
You're too confused to move!
Something hits you.
* * * LOW HITPOINT WARNING * * *
Something hits you.
* * * LOW HITPOINT WARNING * * *
It was a potion of curing.
You feel better. Something hits you.
You barely miss something. You block something's attack.
You miss something. Something hits you.
You closely miss something. Something hits you!
* * * LOW HITPOINT WARNING * * *
You miss something. You closely miss something. Something hits you.
* * * LOW HITPOINT WARNING * * *
You slash something! Something hits you.
You die...

#####. .....
##.....## .....
##.......##.....
#.............
###............
.............#
.##........(#####.
..........<.......
#)..{@....#####.
#...|.....#
#.........#
#.........#
#.........#
##.......##
##.....## #######


There were no monsters in sight!

Vanquished Creatures
  An adder (D:2)
  3 worms (D:2)
  A dart slug (D:1)
  A bat (D:2)
  4 endoplasms
  3 giant cockroaches
  2 goblins (D:1)
  3 hobgoblins (D:1)
  3 kobolds (D:1)
  2 quokkas (D:2)
  A ball python (D:1)
  12 frilled lizards (D:1)
  4 rats
40 creatures vanquished.

Notes
Turn   | Place    | Note
-------+----------+-------------------------------------------
     0 | D:1      | Dawnplanks the Hill Orc Fighter began the quest for the
                  | Orb.
     0 | D:1      | Reached XP level 1. HP: 19/19 MP: 1/1
    72 | D:1      | Reached XP level 2. HP: 27/27 MP: 2/2
   363 | D:1      | Reached XP level 3. HP: 33/33 MP: 3/3
   368 | D:1      | You are sucked into a shaft and drop 1 floor!
   813 | D:1      | Reached XP level 4. HP: 40/40 MP: 4/4
  1173 | D:2      | Noticed Sigmund
  1299 | D:2      | HP: 1/40 [something (5)]
  1300 | D:2      | Slain by Sigmund

Illustrated notes

Levels and vault maps discovered:
D:1:      psy_arrival_terrarium, layout_loops_ring, minmay_lizard_king
D:2:      layout_rooms, uniq_sigmund

Skill      XL: |  1  2  3 |
---------------+----------+-----
Fighting       | 4 |  4.1
Axes           | 3 4 |  4.2
Armour         | |  3.6
Shields        | |  3.7

Action                     |  1- 3 |  4- 6 || total
---------------------------+-------+-------++-------
  Melee: War axe           |    94 |    14 ||   108
    Use: Potion            |       |     2 ||     2
 Armour: Scale mail        |    35 |     2 ||    37
  Dodge: Dodged            |    40 |     1 ||    41
  Block: Buckler           |    20 |     2 ||    22

Table legend: (Time is in decaauts)
 A = Elapsed time spent in this place.
 B = Non-inter-level travel time spent in this place.
 C = Inter-level travel time spent in this place.
 D = Time resting spent in this place.
 E = Time spent auto-exploring this place.
 F = Levels seen in this place.
 G = Mean time per level.
                   A        B        C        D        E       F      G
               +--------+--------+--------+--------+--------+-----+--------+
         Total |   1339 |   1237 |    102 |    123 |    836 |   2 |  669.5 |
       Dungeon |   1339 |   1237 |    102 |    123 |    836 |   2 |  669.5 |
               +--------+--------+--------+--------+--------+-----+--------+

Top non-repeatable levels by time:
     D:1: 1050 daAuts
     D:2: 288 daAuts
